 Dungeon Crawl Stone Soup version 0.29.1-1-gd02db6906a (webtiles) character file.

Game seed: 11748375223019317859

324 drewk1942 the Chopper (level 6, -20/56 HPs)
             Began as a Minotaur Berserker on Oct 5, 2022.
             Was a Believer of Trog.
             Demolished by a large abomination (26 damage)
             ... on level 3 of the Abyss on Oct 6, 2022.
             The game lasted 00:08:00 (2097 turns).

drewk1942 the Chopper (Minotaur Berserker)          Turns: 2097, Time: 00:08:00

Health: -20/56     AC: 13    Str: 23    XL:     6   Next: 23%
Magic:  5/5        EV:  8    Int:  4    God:    Trog [**....]
Gold:   140        SH:  0    Dex: 10    Spells: 5/5 levels left

rFire   . . .      SeeInvis .   a - +0 hand axe
rCold   . . .      Faith    .   (no shield)
rNeg    . . .      Spirit   .   d - +0 chain mail
rPois   .          Reflect  .   (helmet restricted)
rElec   .          Harm     .   (no cloak)
rCorr   .          Rampage  .   (no gloves)
Will    .....                   (no boots)
Stlth   ..........              (no amulet)
HPRegen 0.18/turn               c - +4 ring of protection
MPRegen 0.09/turn               (no ring)

@: about to teleport, on berserk cooldown, slowed, very slow
A: horns 2, retaliatory headbutt
a: Renounce Religion, Berserk, Trog's Hand


You were on level 3 of the Abyss.
You worshipped Trog.
Trog was pleased with you.
You visited 1 branch of the dungeon, and saw 3 of its levels.
You visited the Abyss 1 time.

You collected 140 gold pieces.

Inventory:

Hand Weapons
 a - a +0 hand axe (weapon)
 i - a +0 club
Missiles
 n - 2 poisoned darts (quivered)
Armour
 b - a +0 animal skin
 d - a +0 chain mail (worn)
Jewellery
 c - a +4 ring of protection (left hand)
Scrolls
 e - a scroll of summoning {unknown}
 f - 3 scrolls of noise
 h - a scroll of teleportation
 j - a scroll of enchant armour {unknown}
 l - a scroll of identify {unknown}
 m - a scroll of immolation {unknown}
 o - a scroll of brand weapon {unknown}
Potions
 g - 2 potions of cancellation {unknown}
 k - a potion of mutation {unknown}
 p - a potion of degeneration {unknown}
 q - a potion of heal wounds {unknown}


   Skills:
 + Level 5.2 Fighting
 * Level 6.5 Axes
 + Level 4.4 Armour
 - Level 2.2 Dodging


You had 5 spell levels left.
You didn't know any spells.
Your spell library contained the following spells:

 Spells                   Type           Power      Damage    Failure   Level
 Beastly Appendage        Tmut           0%         N/A       99%         1
 Wereblood                Tmut           0%         N/A       100%        2
 Call Canine Familiar     Summ           0%         N/A       100%        3
 Portal Projectile        Hex/Tloc       0%         N/A       100%        3
 Spider Form              Tmut/Pois      0%         N/A       100%        3
 Leda's Liquefaction      Hex/Erth       0%         N/A       100%        4
 Petrify                  Tmut/Erth      0%         N/A       100%        4
 Metabolic Englaciation   Hex/Ice        0%         N/A       100%        5
 Statue Form              Tmut/Erth      0%         N/A       100%        6


Dungeon Overview and Level Annotations

Branches:
Dungeon (3/15)

Altars:

Shops:
D:1 =

Annotations:
D:3 Crazy Yiuf


Innate Abilities, Weirdness & Mutations

You have a pair of horns on your head.
You reflexively headbutt those who attack you in melee.


Message History

You kill the ynoxinul!
Trog accepts your kill.
The ufetubus disappears in a puff of smoke! x4
Your Fighting skill increases to level 5!
Your Axes skill increases to level 6!
Your Armour skill increases to level 4!
You have reached level 6!
A large abomination comes into view.
The substance of the Abyss twists violently, and a gateway leading out appears!
There is a gateway leading out of the Abyss here.
You feel a strong urge to attack something.
You are no longer berserk.
You are exhausted.
You feel yourself slow down. The large abomination hits you!!
The large abomination hits you but does no damage.
You hit the large abomination but do no damage.
The large abomination hits you!!
* * * LOW HITPOINT WARNING * * *
As you read the scroll labelled IMATHE MAOGYCE, it crumbles to dust.
You hear a loud clanging noise!
It was a scroll of noise.
You hear a shout!
You hear a hideous shriek!
You hear a loud, deep croak!
You hear a hideous shriek!
You hear a bark! x3
The large abomination hits you.
* * * LOW HITPOINT WARNING * * *
You hear a hideous shriek!
You hear a roar!
As you read the scroll labelled INYNNO QINO, it crumbles to dust.
You feel strangely unstable.
You feel the power of the Abyss delaying your translocation!
It was a scroll of teleportation.
The large abomination closely misses you.
The large abomination attacks as you move away!
The large abomination barely misses you.
The large abomination hits you but does no damage.
The large abomination attacks as you move away!
The large abomination barely misses you.
The large abomination barely misses you.
There is a gateway leading out of the Abyss here.
The large abomination hits you!!
You die...

#.. .#... # #..#
#...# .# . ###.
#...# #
#...###..### .#..##
. .......###.##
..#.. . .
#.#.#..#...####....
# .
#..#..........#. #
.. #.#..#..##.#. .#
....#
≈~~....##.@#.#.. .#
. # ≈♣.#.
.#..#X##..#.#..# #
#############.. ..#
###...# .# # # .. φ
# ###


You could see a large abomination.

Vanquished Creatures
  A ynoxinul (Abyss:3)
  Jessica (D:3)
  Natasha (D:3)
  Robin (D:2)
  3 adders (D:2)
  A worm (D:2)
  2 dart slugs
  4 endoplasms
  2 giant cockroaches (D:1)
  17 goblins
  5 hobgoblins
  3 jackals (D:2)
  4 quokkas
  6 ball pythons
  7 bats
  6 frilled lizards
  3 kobolds
  5 rats
72 creatures vanquished.

Vanquished Creatures (others)
  A fungus (D:3)
1 creature vanquished.

Grand Total: 73 creatures vanquished

Notes
Turn   | Place    | Note
-------+----------+-------------------------------------------
     0 | D:1      | drewk1942 the Minotaur Berserker began the quest for the
                  | Orb.
     0 | D:1      | Reached XP level 1. HP: 19/19 MP: 0/0
    70 | D:1      | Found Novvytz's One-of-a-Kind Rings.
   200 | D:1      | Reached skill level 4 in Axes
   200 | D:1      | Reached XP level 2. HP: 22/27 MP: 1/1
   303 | D:1      | Found a faded altar of an unknown god.
   968 | D:1      | Reached XP level 3. HP: 33/33 MP: 2/2
  1143 | D:2      | Reached ** piety under Trog
  1235 | D:2      | Noticed Robin
  1251 | D:2      | Killed Robin
  1252 | D:2      | Reached skill level 5 in Axes
  1252 | D:2      | Reached XP level 4. HP: 40/40 MP: 3/3
  1899 | D:3      | Noticed Jessica
  1899 | D:3      | Noticed Natasha
  1904 | D:3      | Killed Jessica
  1905 | D:3      | Reached XP level 5. HP: 47/47 MP: 4/4
  1908 | D:3      | Killed Natasha
  2008 | D:3      | Found a runed translucent door.
  2009 | D:3      | Noticed Crazy Yiuf
  2016 | Abyss:1  | Cast into level 1 of the Abyss (Crazy Yiuf)
  2075 | Abyss:3  | Noticed a ynoxinul
  2081 | Abyss:3  | Killed a ynoxinul
  2082 | Abyss:3  | Reached skill level 5 in Fighting
  2082 | Abyss:3  | Reached skill level 6 in Axes
  2082 | Abyss:3  | Reached XP level 6. HP: 56/56 MP: 5/5
  2082 | Abyss:3  | Noticed a large abomination
  2097 | Abyss:3  | Demolished by a large abomination

Illustrated notes

Levels and vault maps discovered:
D:1:      psy_arrival_whirlpool, layout_basic,
          hellmonk_ecumenical_altar_arch_garden, nicolae_shop_unique_rings
D:2:      layout_loops_ring, st_stairs_13, minmay_tall_x, uniq_robin
D:3:      layout_loops_ring, minmay_parallelograms, corexii_hall_statues_t,
          chequers_serial_rivers_large_a, uniq_jessica, uniq_natasha,
          uniq_crazy_yiuf_cottage, uniq_sigmund
Abyss:3:  base: D:2, evilmike_nicolae_abyss_rune_containment_curve

Skill      XL: |  1  2  3  4  5 |
---------------+----------------+-----
Axes           | 4 5 6 |  6.5
Fighting       | 4 5 |  5.2
Armour         | 3 4 |  4.4
Dodging        | |  2.2

Action                   |  1- 3 |  4- 6 || total
-------------------------+-------+-------++-------
Melee: Hand axe          |   106 |    61 ||   167
       Headbutt          |    14 |     6 ||    20
       Punch             |     1 |       ||     1
Invok: Berserk           |     1 |     3 ||     4
  Use: Scroll            |       |     2 ||     2
Armor: Animal skin       |     3 |       ||     3
       Chain mail        |    70 |    29 ||    99
Dodge: Dodged            |    40 |    21 ||    61
